 Dungeon Crawl Stone Soup version 0.23.0 (webtiles) character file.

Game seed: 9528301708566515201

103 MalarOregon the Caller (level 4, -2/32 HPs)
             Began as a Merfolk Summoner on Feb 15, 2019.
             Killed by nerve-wracking pain
             ... invoked by Grinder
              (8 damage)
             ... on level 3 of the Dungeon.
             The game lasted 00:08:25 (3544 turns).

MalarOregon the Caller (Merfolk Summoner)           Turns: 3544, Time: 00:08:26

Health: -2/32      AC:  4    Str:  8    XL:     4   Next: 79%
Magic:  1/7        EV: 13    Int: 15    God:
Gold:   93         SH:  0    Dex: 14    Spells: 2/8 levels left

rFire    . . .     SeeInvis .   h - +3 short sword (vamp) {!w}
rCold    . . .     Gourm    .   (no shield)
rNeg     . . .     Faith    .   a - +2 robe
rPois    .         Spirit   .   (no helmet)
rElec    .         Reflect  .   (no cloak)
rCorr    .         Harm     .   (no gloves)
MR       .....                  (no boots)
Stlth    ++........             (no amulet)
HPRegen  0.10/turn              (no ring)
MPRegen  0.10/turn              (no ring)

@: no status effects
A: change form in water, swift swim, stealthy swim
a: no special abilities


You were on level 3 of the Dungeon.
You were very hungry.

You visited 1 branch of the dungeon, and saw 3 of its levels.

You collected 93 gold pieces.

Inventory:

Hand Weapons
 d - a +0 mace
   (You found it on level 1 of the Dungeon)
 h - a +3 vampiric short sword (weapon) {!w}
   (You took it off a kobold on level 1 of the Dungeon)
Armour
 a - a +2 robe (worn)
Jewellery
 k - an uncursed amulet of harm {unknown}
   (You found it on level 2 of the Dungeon)
Scrolls
 j - a scroll of remove curse {@r2}
Potions
 c - a potion of haste {unknown}
 f - a potion of flight {unknown}
 m - a potion of curing {unknown}
Comestibles
 e - 2 rations {!d}


   Skills:
 + Level 1.5 Fighting
 + Level 3.5 Dodging
 - Level 2.1 Stealth
 + Level 2.5 Spellcasting
 + Level 5.1 Summonings


You had 2 spell levels left.
You knew the following spells:

 Your Spells              Type           Power        Failure   Level  Hunger
a - Summon Small Mammal   Summ           ###.         2%          1    #......
c - Call Canine Familiar  Summ           ###.....     8%          3    ###....
x - Call Imp              Summ           ###.....     3%          2    ###....

Your spell library contained the following spells:

 Spells                   Type           Power        Failure   Level  Hunger
 Summon Guardian Golem    Hex/Summ       #.......     22%         3    ###....
 Summon Ice Beast         Ice/Summ       #.......     58%         4    #####..
 Summon Lightning Spire   Summ/Air       #.......     58%         4    #####..


Dungeon Overview and Level Annotations

Branches:
Dungeon (3/15)

Altars:
Fedhas
Xom

Annotations:
D:3 Grinder


Message History

Your +1 robe glows green for a moment.
Memorise Call Canine Familiar, consuming 3 spell levels and leaving 2?
You start memorising the spell.
You continue memorising. x3
You finish memorising.
Spell assigned to 'c'.
Okay, then.
You climb downwards.
Level annotation: Grinder Grinder hits you.
There is a stone staircase leading up here.
Grinder hits you.
You writhe in agony.
A beastly little devil appears in a puff of frigid air.
Your hound barely misses Grinder.
Grinder blinks!
A shadowy apparition takes form in the air.
Grinder blinks!
What are your orders? t - Shout!
Orders for allies: a - Attack new target. r - Retreat! s - Stop attacking. g - Guard the area. f - Follow me.
Anything else - Cancel.
Gang up on whom?
Aim: Grinder Attack!
Your hound bites Grinder.
Grinder gestures at your hound.
Your hound suddenly stops moving!
Grinder hits you but does no damage.
You swap places.
Grinder hits you!
Your shadow imp hits Grinder.
You are feeling very hungry.
Grinder misses you.
Your shadow imp barely misses Grinder.
You hit Grinder but do no damage. Grinder hits you!
* * * LOW HITPOINT WARNING * * *
You writhe in agony.
* * * LOW HITPOINT WARNING * * *
Your shadow imp barely misses Grinder.
Here: Grinder (lightly wounded)
The floor.
Unknown command.
Here: Grinder (lightly wounded)
The floor.
Grinder blinks!
Your shadow imp hits Grinder.
Grinder blinks!
Grinder blinks!
Your white imp gestures at Grinder.
The puff of frost hits Grinder.
Grinder completely resists.
Grinder blinks!
Your shadow imp hits Grinder.
Your white imp gestures at Grinder.
The puff of frost hits Grinder.
Grinder resists.
Grinder gestures at you. Pain shoots through your body!
You die...

######
#....#
#.55.####
#....'..#
#...5##ยง#
##h@..# ..
#..<..#
#.5
#.....# ..
####.....#
#
#........#
#.###....#
#...#....#
###.#....#
#.#....#


You could see Grinder, a friendly hound (paralysed), a friendly white imp and a
friendly shadow imp.

Vanquished Creatures
  Natasha (D:2)
  An adder (D:2)
  2 oozes (D:1)
  2 worms (D:2)
  6 bats
  6 goblins
  4 hobgoblins
  4 jackals
  4 frilled lizards
  5 kobolds
  6 rats
41 creatures vanquished.

Vanquished Creatures (collateral kills)
  2 adders (D:3)
  2 worms
  A leopard gecko (D:2)
  A bat (D:1)
  2 giant cockroaches
  A goblin (D:1)
  2 hobgoblins (D:3)
  2 jackals (D:1)
  4 kobolds
  2 rats (D:1)
19 creatures vanquished.

Grand Total: 60 creatures vanquished

Notes
Turn   | Place    | Note
-------+----------+-------------------------------------------
     0 | D:1      | MalarOregon the Merfolk Summoner began the quest for the
                  | Orb.
     0 | D:1      | Reached XP level 1. HP: 13/13 MP: 3/3
   485 | D:1      | Reached XP level 2. HP: 19/19 MP: 0/5
   672 | D:1      | Learned a level 2 spell: Call Imp
  1315 | D:1      | Reached XP level 3. HP: 24/24 MP: 6/6
  2054 | D:2      | Reached skill level 1 in Fighting
  2057 | D:2      | Noticed Natasha
  2071 | D:2      | Killed Natasha
  2071 | D:2      | Reached skill level 5 in Summonings
  2071 | D:2      | Reached XP level 4. HP: 15/32 MP: 2/7
  2610 | D:3      | Found a blossoming altar of Fedhas.
  2910 | D:3      | Noticed Grinder
  3202 | D:2      | Found a shimmering altar of Xom.
  3222 | D:3      | Paralysed by Grinder for 4 turns
  3229 | D:3      | Paralysed by Grinder for 4 turns
  3528 | D:2      | Learned a level 3 spell: Call Canine Familiar
  3544 | D:3      | Killed from afar by Grinder

Skill      XL: |  1  2  3 |
---------------+----------+-----
Dodging        | 3 |  3.5
Fighting       | 1 |  1.5
Summonings     | 5 |  5.1
Stealth        | |  2.1
Spellcasting   | |  2.5

Action                   |  1- 3 |  4- 6 || total
-------------------------+-------+-------++-------
Melee: Unarmed           |    19 |       ||    19
       Mace              |    54 |       ||    54
       Short sword       |    41 |    65 ||   106
       Tailslap          |       |     2 ||     2
 Cast: Summon Small Mamm |    14 |       ||    14
       Call Imp          |    11 |    11 ||    22
       Call Canine Famil |       |     1 ||     1
  Use: Scroll            |       |     9 ||     9
 Stab: Sleeping          |     6 |     2 ||     8
       Distracted        |     3 |       ||     3
  Eat: Chunk             |     3 |     4 ||     7
       Ration            |     2 |       ||     2
Armor: Robe              |    29 |     8 ||    37
Dodge: Dodged            |   121 |    42 ||   163
